 Dungeon Crawl Stone Soup version 0.31-a0-1161-g593ecc88b7 (webtiles) character file.

Game seed: 6570544088472231699

133 Maratek the Covered (level 5, -8/33 HPs)
             Began as a Gargoyle Fighter on Dec 8, 2023.
             Mangled by a black bear (9 damage)
             ... on level 3 of the Dungeon.
             The game lasted 00:02:41 (1576 turns).

Maratek the Covered (Gargoyle Fighter)              Turns: 1576, Time: 00:02:42

Health: -8/33      AC:  9    Str: 22    XL:     5   Next: 16%
Magic:  5/5        EV: 10    Int:  8    God:
Gold:   164        SH:  9    Dex:  9    Spells: 4/4 levels left

rFire   . . .        a - +1 trident (heavy)
rCold   . . .        c - +0 buckler
rNeg    + . .        k - +2 leather armour "Turos" {+Blink}
rPois   ∞            (no helmet)
rElec   +            (no cloak)
rCorr   .            (no gloves)
SInv    .            (no boots)
Will    .....        e - amulet of reflection
Stlth   +            (no ring)
HPRegen 0.25/turn    (no ring)
MPRegen 0.09/turn

%: reflection
@: no status effects
A: sickness immunity, AC +4, negative energy resistance 1, electricity
resistance, torment resistance 1, petrification resistance
a: Evoke Blink


You were on level 3 of the Dungeon.
You visited 1 branch of the dungeon, and saw 3 of its levels.

You collected 164 gold pieces.

Inventory:

Hand Weapons
 a - a +1 heavy trident (weapon)
 m - a +0 bardiche
Armour
 b - a +0 scale mail
 c - a +0 buckler (worn)
 k - the +2 leather armour "Turos" (worn) {+Blink}
   (You found it on level 2 of the Dungeon)

   +Blink:    It lets you blink.
Jewellery
 e - an amulet of reflection (around neck)
Wands
 q - a wand of digging (5)
Scrolls
 f - a scroll of fog {unknown}
 g - 2 scrolls of amnesia
 h - a scroll of immolation
 n - a scroll of torment
 p - a scroll of teleportation {unknown}
 r - a scroll of identify
 s - 2 scrolls of brand weapon
Potions
 d - 2 potions of might
 i - 2 potions of resistance {unknown}
 j - a potion of invisibility {unknown}
 l - a potion of curing {unknown}
 o - a potion of degeneration {unknown}
 t - 3 potions of heal wounds {unknown}
 u - a potion of haste {unknown}


   Skills:
 + Level 4.1 Fighting
 + Level 2.7 Polearms
 + Level 4.3 Armour
 + Level 4.2 Shields


You had 4 spell levels left.
You didn't know any spells.
Your spell library contained the following spells:

 Spells                   Type           Power      Damage    Failure   Level
 Summon Guardian Golem    Hex/Summ       0%         N/A       88%         3
 Tukima's Dance           Hex            0%         N/A       88%         3
 Passage of Golubria      Tloc           0%         N/A       99%         4
 Yara's Violent Unravell  Hex/Tmut       0%         3d3       100%        5
 Orb of Destruction       Conj           0%         9d5       100%        7
 Spellforged Servitor     Conj/Summ      0%         N/A       100%        7


Dungeon Overview and Level Annotations

Branches:
Dungeon (3/15)

Altars:

Annotations:
D:3 1 runed translucent door, Crazy Yiuf


Innate Abilities, Weirdness & Mutations

You are immune to sickness and miasma.
Your stone body is resilient. (AC +4)
You are immune to poison.
You resist negative energy. (rN+)
You are resistant to electric shocks. (rElec)
You are resistant to unholy torment.
You are immune to petrification.


Message History

The black bear is severely wounded.
You block the black bear's attack. The black bear closely misses you.
You block the black bear's attack. The black bear barely misses you.
The black bear claws you but does no damage. x2
The black bear bites you but does no damage.
The black bear claws you.
The black bear claws you but does no damage.
You puncture the black bear!
The black bear is almost dead.
The black bear bites you. You block the black bear's attack. x2
The black bear bites you! The black bear closely misses you.
The black bear claws you but does no damage.
The black bear bites you but does no damage.
The black bear claws you but does no damage. x2
You barely miss the black bear.
The black bear is almost dead.
The black bear barely misses you. You block the black bear's attack. x2
The black bear bites you but does no damage.
The black bear closely misses you. x2
You barely miss the black bear.
The black bear is almost dead.
The black bear bites you but does no damage.
The black bear barely misses you. You block the black bear's attack. x2
The black bear claws you but does no damage.
The black bear barely misses you. The black bear bites you!
* * * LOW HITPOINT WARNING * * *
The black bear claws you but does no damage. x2
You closely miss the black bear.
The black bear is almost dead.
You block the black bear's attack.
The black bear claws you but does no damage. x2
The black bear bites you but does no damage.
The black bear claws you.
* * * LOW HITPOINT WARNING * * *
You block the black bear's attack. The black bear closely misses you. x2
The black bear claws you but does no damage.
You hit the black bear.
The black bear is almost dead.
The black bear bites you!
You die...

##..##..##..# #.#
#.#.♣♣♣♣♣♣♣♣♣#
##......#..## #.#
#...♣ ♣♣♣_.♣.#
####.....## #.# #..♣♣
♣.♣.♣.♣# ####### #.#
#..♣ ♣♣..♣♣♣
#.###..♣♣♣♣♣..♣♣♣♣#
#.#...♣.♣♣.♣♣♣.♣♣.#
#.#.#.♣.♣.♣....♣..#
#.#.#..♣♣.♣♣♣♣♣♣.##
#.@h.#..♣..♣..♣.♣♣#
###.#..##....♣.♣.##
##.#..####......##
####.#÷...# #..#..###
#...###...###........
#.##.#....#....######
# ##.#.##.#..#.#####
#.#...###...<..<.
#.####.#..#..####


You could see a black bear (berserk).

Vanquished Creatures
  Terence (D:3)
  5 adders
  A dart slug (D:1)
  An orc (D:3)
  4 endoplasms
  2 giant cockroaches
  5 goblins
  2 hobgoblins
  4 jackals
  7 kobolds
  5 quokkas
  4 ball pythons
  9 bats
  3 frilled lizards
  A rat (D:3)
54 creatures vanquished.

Notes
Turn   | Place    | Note
-------+----------+-------------------------------------------
     0 | D:1      | Maratek the Gargoyle Fighter began the quest for the Orb.
     0 | D:1      | Reached XP level 1. HP: 14/14 MP: 1/1
    97 | D:1      | Reached XP level 2. HP: 19/19 MP: 2/2
   657 | D:2      | Reached XP level 3. HP: 23/23 MP: 3/3
   662 | D:2      | Identified the +0 ring mail of Fallacy {Fly rC++ Str-3
                  | Dex-2}
   735 | D:2      | Identified the +2 leather armour "Turos" {+Blink}
   945 | D:2      | Reached XP level 4. HP: 29/29 MP: 4/4
  1109 | D:3      | Noticed Terence
  1113 | D:3      | Killed Terence
  1196 | D:3      | Found a faded altar of an unknown god.
  1354 | D:3      | Found a runed translucent door.
  1355 | D:3      | Noticed Crazy Yiuf
  1459 | D:3      | Reached XP level 5. HP: 32/33 MP: 5/5
  1565 | D:3      | Noticed a black bear
  1575 | D:3      | HP: 1/33 [black bear (3)]
  1576 | D:3      | Mangled by a black bear

Illustrated notes

Levels and vault maps discovered:
D:1:      lightli_arrival_quake, layout_loops_cross
D:2:      layout_rooms, minmay_tromino_v4_c
D:3:      layout_loops_ring, chequers_ecumenical_altar_grove,
          columned_hall_lemuel, grunt_decor_fettered, minmay_pentomino_pile,
          uniq_crazy_yiuf_cottage, uniq_terence

Skill      XL: |  1  2  3  4 |
---------------+-------------+-----
Polearms       | 2 |  2.7
Armour         | 4 |  4.3
Fighting       | 4 |  4.1
Shields        | 4 |  4.2

Action                     |  1- 3 |  4- 6 || total
---------------------------+-------+-------++-------
  Melee: Trident           |    91 |    72 ||   163
Ability: Evoke Blink       |     1 |       ||     1
    Use: Scroll            |     6 |     2 ||     8
 Armour: Scale mail        |    18 |       ||    18
         Leather armour    |    19 |    66 ||    85
  Dodge: Dodged            |    31 |    37 ||    68
  Block: Buckler           |    42 |    50 ||    92

Table legend: (Time is in decaauts)
 A = Elapsed time spent in this place.
 B = Non-inter-level travel time spent in this place.
 C = Inter-level travel time spent in this place.
 D = Time resting spent in this place.
 E = Time spent auto-exploring this place.
 F = Levels seen in this place.
 G = Mean time per level.
                   A        B        C        D        E       F      G
               +--------+--------+--------+--------+--------+-----+--------+
         Total |   1675 |   1654 |     21 |      0 |   1211 |   3 |  558.3 |
       Dungeon |   1675 |   1654 |     21 |      0 |   1211 |   3 |  558.3 |
               +--------+--------+--------+--------+--------+-----+--------+

Top non-repeatable levels by time:
     D:1: 665 daAuts
     D:3: 517 daAuts
     D:2: 492 daAuts
